 Dungeon Crawl Stone Soup version 0.19.5 (webtiles) character file.

72 Jerry the Firebug (level 4, -4/24 HPs)
             Began as a Deep Elf Fire Elementalist on May 11, 2017.
             Slain by Grinder (6 damage)
             ... while paralysed by Grinder
             ... on level 2 of the Dungeon.
             The game lasted 00:10:22 (2380 turns).

Jerry the Firebug (Deep Elf Fire Elementalist)      Turns: 2380, Time: 00:10:23

Health: -4/24      AC:  5    Str:  5    XL:     4   Next: 6%
Magic:  3/11       EV:  2    Int: 21    God:
Gold:   141        SH:  0    Dex: 15    Spells: 3 memorised, 4 levels left

rFire  . . .     SeeInvis .     f - +0 hunting sling
rCold  . . .     Gourm    .     a - +0 robe
rNeg   . . .     Faith    .     (no shield)
rPois  .         Spirit   .     d - +0 helmet
rElec  .         Reflect  .     q - +1 cloak
rCorr  .         Harm     .     (no gloves)
MR     .....                    (no boots)
Stlth  ++........               (no amulet)
                                (no ring)
                                (no ring)

@: paralysed
A: no striking features
a: no special abilities


You were on level 2 of the Dungeon.
You were not hungry.

You visited 1 branch of the dungeon, and saw 3 of its levels.

You collected 141 gold pieces.

Inventory:

Hand Weapons
 f - a +0 hunting sling (weapon)
 g - a +1 hunting sling of freezing
Missiles
 i - 156 stones (quivered)
Armour
 a - a +0 robe (worn)
 d - a +0 helmet (worn)
 q - a +1 cloak (worn)
Scrolls
 e - 2 scrolls of identify
 h - a scroll of fog {unknown}
 l - 2 scrolls of remove curse
 o - a scroll of magic mapping {unknown}
 r - a scroll of teleportation {unknown}
 s - a scroll of recharging {unknown}
Potions
 k - 2 potions of agility
 m - a potion of curing
 n - a potion of heal wounds
 p - a potion of brilliance {unknown}
 t - a potion of beneficial mutation {unknown}
 v - 2 potions of lignification {unknown}
Books
 b - a book of Flames

   Spells                             Type                      Level
   a - Flame Tongue                   Conjuration/Fire             1
   b - Throw Flame                    Conjuration/Fire             2
   c - Conjure Flame                  Conjuration/Fire             3
   d - Inner Flame                    Hexes/Fire                   3
   e - Sticky Flame                   Conjuration/Fire             4
   f - Fireball                       Conjuration/Fire             5
Comestibles
 c - 3 bread rations
 j - 2 beef jerkies
 u - 2 chunks of flesh


   Skills:
 - Level 2.4 Dodging
 - Level 2.4 Stealth
 + Level 3.7 Spellcasting
 * Level 2.8 Conjurations
 + Level 4.2 Fire Magic


You had 4 spell levels left.
You knew the following spells:

 Your Spells              Type           Power        Failure   Level  Hunger
a - Flame Tongue          Conj/Fire      ###..        2%          1    None
b - Throw Flame           Conj/Fire      ###...       4%          2    ##.....
c - Conjure Flame         Conj/Fire      ###.....     10%         3    ###....


Dungeon Overview and Level Annotations

Branches:
Dungeon (3/15)

Altars:

Annotations:
D:2 Grinder, Sigmund


Message History

The jackal barks!
Grinder hits you!
You writhe in agony.
Casting: Flame Tongue
Confirm with . or Enter, or press ? or * to list all spells.
Aiming: Flame Tongue
Press: ? - help, Shift-Dir - straight line, f/p - Grinder
Aim: Grinder (heavily wounded)
The flame tongue misses Grinder.
Grinder misses you.
Sorry, you're not good enough to have a special ability.
Grinder hits you.
You writhe in agony.
* * * LOW HITPOINT WARNING * * *
You climb upwards.
Level annotation: Sigmund
There is a stone staircase leading down here.
Grinder gestures at you.
You suddenly lose the ability to move!
Grinder hits you.
* * * LOW HITPOINT WARNING * * *
You writhe in agony.
You die...

######### #)......#
#.#####.# #.# ###.# #.#
#...# ###.###.##########
##### ...<...........5>#
#...#
#######+######.#@######...#
...........# #.#..........#
#####......# #.#..........#
....#......# #.#..........#
#.#.#......# #.#..........#
#.#.######## #.#.######...#
....# #.#.#........# ##'###
#.#.#........# .....#
#.#.#........#


You could see Grinder.

Vanquished Creatures
  An adder (D:2)
  2 dart slugs
  2 leopard geckos
  A ball python (D:1)
  11 giant cockroaches
  7 goblins
  8 hobgoblins
  6 bats
  3 frilled lizards
  4 kobolds
  6 rats (D:1)
51 creatures vanquished.

Notes
Turn   | Place    | Note
-------+----------+-------------------------------------------
     0 | D:1      | Jerry the Deep Elf Fire Elementalist began the quest for the Orb.
     0 | D:1      | Reached XP level 1. HP: 10/10 MP: 6/6
   282 | D:1      | Reached XP level 2. HP: 15/15 MP: 8/8
   667 | D:1      | Reached skill level 4 in Fire Magic
   992 | D:1      | Learned a level 2 spell: Throw Flame
  1037 | D:2      | Reached XP level 3. HP: 19/19 MP: 10/10
  1042 | D:2      | Learned a level 3 spell: Conjure Flame
  1410 | D:2      | Noticed Sigmund
  2050 | D:2      | Reached XP level 4. HP: 24/24 MP: 9/11
  2362 | D:3      | Noticed Grinder
  2379 | D:2      | Paralysed by Grinder for 4 turns
  2380 | D:2      | Slain by Grinder

Skill      XL: |  1  2  3 |
---------------+----------+-----
Fire Magic     | 4 |  4.2
Conjurations   | 2 |  2.8
Dodging        | |  2.4
Stealth        | |  2.4
Spellcasting   | |  3.7

Action                   |  1- 3 |  4- 6 || total
-------------------------+-------+-------++-------
 Fire: Hunting sling     |    88 |     4 ||    92
 Cast: Flame Tongue      |    45 |     7 ||    52
       Throw Flame       |       |     3 ||     3
  Use: Scroll            |     8 |       ||     8
  Eat: Chunk             |     3 |     1 ||     4
Armor: Robe              |     6 |     1 ||     7
Dodge: Dodged            |    19 |     3 ||    22
